 Seeded DCSS version 0.30-a0-4-ga7cffc901d (webtiles) character file.

Game seed: 20220821 (custom seed)

40 purpskrrrp the Trooper (level 3, -1/31 HPs)
             Began as a Palentonga Abyssal Knight on Aug 21, 2022.
             Was a Believer of Lugonu.
             Slain by an adder (4 damage)
             ... on level 2 of the Dungeon.
             The game lasted 00:02:40 (1156 turns).

purpskrrrp the Trooper (Palentonga Abyssal Knight)  Turns: 1156, Time: 00:02:40

Health: -1/31      AC:  5    Str: 20    XL:     3   Next: 30%
Magic:  4/4        EV:  9    Int: 10    God:    Lugonu [**....]
Gold:   57         SH:  0    Dex: 10    Spells: 2/2 levels left

rFire   . . .      SeeInvis +    a - +1 falchion
rCold   . . .      Faith    .    (no shield)
rNeg    . . .      Spirit   .    b - +0 leather armour
rPois   .          Reflect  .    (no helmet)
rElec   .          Harm     .    g - +0 cloak
rCorr   .          Rampage  .    (no gloves)
Will    .....                    (no barding)
Stlth   +.........               (no amulet)
HPRegen 0.10/turn                (no ring)
MPRegen 0.09/turn                (no ring)

@: no status effects
A: large, rugged brown scales 3, see invisible, deformed body, roll 1, armoured
tail
a: Rolling Charge, Renounce Religion, Depart the Abyss, Bend Space


You were on level 2 of the Dungeon.
You worshipped Lugonu.
Lugonu was pleased with you.
You visited 1 branch of the dungeon, and saw 2 of its levels.
You visited the Abyss 1 time.

You collected 57 gold pieces.

Inventory:

Hand Weapons
 a - a +1 falchion (weapon)
Armour
 b - a +0 leather armour (worn)
 g - a +0 cloak (worn)
Scrolls
 c - a scroll of vulnerability {unknown}
 d - a scroll of enchant armour {unknown}
 e - a scroll of noise {unknown}
 f - a scroll of identify {unknown}
 i - a scroll of fear {unknown}
 k - a scroll of enchant weapon {unknown}
Potions
 h - a potion of might {unknown}
 j - 2 potions of curing


   Skills:
 + Level 3.3 Fighting
 + Level 2.4 Long Blades
 + Level 1.9 Armour
 + Level 1.3 Dodging
 + Level 2.4 Invocations


You had 2 spell levels left.
You didn't know any spells.
Your spell library was empty.

Dungeon Overview and Level Annotations

Branches:
Dungeon (2/15)

Altars:


Innate Abilities, Weirdness & Mutations

You are completely covered in rugged brown scales. (AC +3, +7% HP)
You have supernaturally acute eyesight. (SInv)
Armour fits poorly on your strangely shaped body.
You can roll at nearby foes to attack.
You have a long armoured tail.


Message History

You feel sick. The adder closely misses you.
You closely miss the adder. You punch the adder.
You kill the adder!
Lugonu accepts your kill.
* * * LOW HITPOINT WARNING * * *
You feel sick.
An adder comes into view.
You have reached level 3!
Your experience leads to an increase in your attributes!
Increase (S)trength, (I)ntelligence, or (D)exterity?
You feel stronger. x2
The adder hisses angrily.
You hit the hobgoblin. You tail-slap the hobgoblin.
You kill the hobgoblin!
Lugonu accepts your kill.
You feel sick.
It was a potion of curing.
You feel better. The endoplasm freezes you.
You are frozen.
* * * LOW HITPOINT WARNING * * *
You hit the endoplasm. You tail-slap the endoplasm.
You kill the endoplasm!
Lugonu accepts your kill. The kobold completely misses you.
You hit the kobold but do no damage.
Your tail-slap misses the kobold.
The kobold hits you but does no damage.
You slash the kobold!
You kill the kobold!
Lugonu accepts your kill.
You hit the rat but do no damage. You tail-slap the rat.
You kill the rat!
Lugonu accepts your kill.
You closely miss the adder. You tail-slap the adder!
The adder is almost dead.
The adder bites you.
* * * LOW HITPOINT WARNING * * *
You closely miss the adder.
Your tail-slap misses the adder.
The adder is almost dead.
The adder barely misses you. The adder bites you.
You die...

......#.†.........##.............
......#...........##.........####
......#...........############
########'########## ......†..###
# .........'.# .# .........#.# ..
. .........#.## ####.#...#
.........#..####@S....#
.........##.##...##.#...#
.........##.##.### .. .
.........##..#.# .#
........###...# # ##.## #.# #.#
#.#


You could see an adder.

Vanquished Creatures
  An adder (D:2)
  3 dart slugs
  A ball python (D:2)
  4 endoplasms
  3 goblins
  A hobgoblin (D:2)
  2 bats (D:2)
  2 frilled lizards
  5 kobolds
  3 rats
25 creatures vanquished.

Vanquished Creatures (others)
  2 plants (D:1)
  5 withered plants (D:1)
7 creatures vanquished.

Grand Total: 32 creatures vanquished

Notes
Turn   | Place    | Note
-------+----------+-------------------------------------------
     0 | Abyss:1  | purpskrrrp the Palentonga Abyssal Knight began the quest
                  | for the Orb.
     0 | Abyss:1  | Reached XP level 1. HP: 19/19 MP: 2/2
     0 | D:1      | Escaped the Abyss
   118 | D:1      | Found a faded altar of an unknown god.
   407 | D:1      | Reached skill level 1 in Dodging
   407 | D:1      | Reached XP level 2. HP: 13/25 MP: 3/3
   983 | D:2      | Reached ** piety under Lugonu
  1149 | D:2      | Reached XP level 3. HP: 4/31 MP: 4/4
  1156 | D:2      | Slain by an adder

Illustrated notes

Levels and vault maps discovered:
D:1:      minmay_arrival_doors, layout_basic,
          shapermc_ecumenical_altar_flowoftime
D:2:      minmay_spotlight, layout_basic

Skill      XL: |  1 |
---------------+----+-----
Dodging        | 1 |  1.3
Fighting       | |  3.3
Long Blades    | |  2.4
Armour         | |  1.9
Invocations    | |  2.4

Action                   || total
-------------------------++-------
Melee: Falchion          ||    85
       Tailslap          ||    22
       Punch             ||     3
Invok: Depart the Abyss  ||     1
  Use: Potion            ||     1
Armor: Leather armour    ||    18
Dodge: Dodged            ||    19

Table legend: (Time is in decaauts)
 A = Elapsed time spent in this place.
 B = Non-inter-level travel time spent in this place.
 C = Inter-level travel time spent in this place.
 D = Time resting spent in this place.
 E = Time spent auto-exploring this place.
 F = Levels seen in this place.
 G = Mean time per level.
                   A        B        C        D        E       F      G
               +--------+--------+--------+--------+--------+-----+--------+
         Total |   1171 |   1159 |     12 |      0 |    885 |   3 |  390.3 |
       Dungeon |   1171 |   1159 |     12 |      0 |    885 |   2 |  585.5 |
         Abyss |      0 |      0 |      0 |      0 |      0 |   1 |    0.0 |
               +--------+--------+--------+--------+--------+-----+--------+

Top non-repeatable levels by time:
     D:1: 945 daAuts
     D:2: 226 daAuts
